cohdb
Replays
Latest Replays
All Replays
Popular Replays
Top Player Replays
Match Explorer
How It Works
Community
CoH3 Stats
Reddit
Sign in to upload your games and track your stats! →
Sign in with Steam
Match 28399229
Unlisted
Match 28399229
Overview
Messages
Build Orders
End
Construct Infanterie Kompanie
Selects Breakthrough Battlegroup
Selects Assault Grenadiers
Grenadier Squad
Grenadier Squad
Grenadier Squad
Grenadier Squad
Grenadier Squad
Construct Panzergrenadier Kompanie
Medical Station
Construct Panzergrenadier Kompanie
Panzergrenadier Squad
Support Elements
StuG III G Assault Gun
StuG III G Assault Gun
Pioneer Squad
Selects Rapid Production
Selects Blitzkrieg
Pak 40 Anti-tank Gun Team
Construct Panzer Kompanie
Grenadier Squad
Pak 40 Anti-tank Gun Team
Selects Tiger Heavy Tank
Sekkonds
Wrathment
0
0
Comments
sign in to comment!
No comments posted yet!